 Dungeon Crawl Stone Soup version 0.21-a0-349-g0c35859 (webtiles) character file.

336 Hasart the Firebug (level 6, -2/32 HPs)
             Began as a Deep Elf Fire Elementalist on Oct 7, 2017.
             Slain by Grinder (5 damage)
             ... on level 3 of the Dungeon.
             The game lasted 00:08:12 (2566 turns).

Hasart the Firebug (Deep Elf Fire Elementalist)     Turns: 2566, Time: 00:08:13

Health: -2/32      AC:  5    Str:  5    XL:     6   Next: 28%
Magic:  1/15       EV: 13    Int: 22    God:
Gold:   196        SH:  0    Dex: 15    Spells: 4/14 levels left

rFire    + . .     SeeInvis +   y - +2 rapier (venom)
rCold    x . .     Gourm    .   (no shield)
rNeg     . . .     Faith    .   a - +0 robe
rPois    .         Spirit   .   h - +0 helmet
rElec    .         Reflect  .   (no cloak)
rCorr    .         Harm     .   (no gloves)
MR       .....                  e - +1 pair of boots
Stlth    ++........             (no amulet)
HPRegen  0.10/turn              z - ring of see invisible
MPRegen  0.14/turn              x - ring of fire

@: no status effects
A: no striking features
a: no special abilities


You were on level 3 of the Dungeon.
You were hungry.

You visited 1 branch of the dungeon, and saw 3 of its levels.

You collected 196 gold pieces.

Inventory:

Hand Weapons
 y - a +2 rapier of venom (weapon)
Armour
 a - a +0 robe (worn)
 e - a +1 pair of boots (worn)
 f - a +0 buckler
 h - a +0 helmet (worn)
Jewellery
 i - an uncursed ring of poison resistance
 x - a ring of fire (right hand)
 z - a ring of see invisible (left hand)
Wands
 t - a wand of scattershot (5/9)
 F - a wand of scattershot (5/9)
Scrolls
 d - 4 scrolls of identify
 g - 3 scrolls of remove curse {unknown}
 m - a scroll of amnesia {unknown}
 n - a scroll of enchant armour {unknown}
 q - a scroll of random uselessness {unknown}
 u - 2 scrolls of fog {unknown}
 A - a scroll of teleportation {unknown}
 B - a scroll of recharging {unknown}
 C - a scroll of blinking {unknown}
 D - a scroll of enchant weapon {unknown}
Potions
 j - a potion of lignification {unknown}
 k - a potion of heal wounds {unknown}
 l - 2 potions of agility {unknown}
 p - a potion of haste {unknown}
 r - 3 potions of curing
 s - 2 potions of invisibility {unknown}
 v - a potion of brilliance {unknown}
 w - 2 potions of might {unknown}
Books
 b - a book of Flames

   Spells                             Type                      Level
   a - Flame Tongue                   Conjuration/Fire             1
   b - Throw Flame                    Conjuration/Fire             2
   c - Conjure Flame                  Conjuration/Fire             3
   d - Inner Flame                    Hexes/Fire                   3
   e - Sticky Flame                   Conjuration/Fire             4
   f - Fireball                       Conjuration/Fire             5
Comestibles
 c - 5 bread rations
 o - 10 chunks of flesh
 E - 2 fruits


   Skills:
 - Level 2.4 Dodging
 - Level 2.4 Stealth
 + Level 4.7 Spellcasting
 * Level 4.4 Conjurations
 * Level 5.6 Fire Magic


You had 4 spell levels left.
You knew the following spells:

 Your Spells              Type           Power        Failure   Level  Hunger
a - Flame Tongue          Conj/Fire      #####        1%          1    None
b - Sticky Flame          Conj/Fire      #####...     13%         4    ####...
c - Fireball              Conj/Fire      #####.....   36%         5    #####..


Dungeon Overview and Level Annotations

Branches:
Dungeon (3/15)

Altars:
Xom

Annotations:
D:3 Grinder


Message History

Confirm with . or Enter, or press ? or * to list all spells.
Aiming: Sticky Flame
Press: ? - help, Shift-Dir - straight line, f/p - Grinder
Aim: Grinder (moderately wounded, covered in liquid flames)
You feel a surge of power!
The sticky flame hits Grinder.
Grinder is moderately wounded.
Grinder is covered in liquid flames!
Grinder burns!
Grinder hits you but does no damage.
Casting: Sticky Flame
Confirm with . or Enter, or press ? or * to list all spells.
The spell is very dangerous to cast!
Continue anyway?
Aiming: Fireball
Press: ? - help, Shift-Dir - straight line, p - Grinder You feel a surge of power!
The fireball explodes!
The fireball engulfs Grinder.
Grinder is severely wounded.
You are feeling hungry.
Grinder burns!
Grinder hits you!
* * * LOW HITPOINT WARNING * * *
You writhe in agony.
You die...

. # # ## #. .# # . #.##.
####. .. .##... .... .#
....... ##..#...
........##.5.#.#
#####.....#.....@...#.##
............#...........
#..................##..#
#..###......#..?....# #
#g.######.......#####
...##...##....###...##
..##.....##...##.....##
..#.......#...#.......#
..#.......'...'.......#


You could see Grinder (burning).

Vanquished Creatures
  An ogre (D:3)
  Natasha (thrice) (D:2)
  An orc wizard (D:3)
  Robin (D:3)
  5 adders
  3 dart slugs
  2 leopard geckos (D:1)
  7 orcs (D:3)
  7 bats
  3 giant cockroaches
  17 hobgoblins
  A quokka (D:2)
  A ball python (D:1)
  A frilled lizard (D:2)
  17 goblins
  5 kobolds
  15 rats
90 creatures vanquished.

Vanquished Creatures (others)
  A fungus (D:3)
1 creature vanquished.

Grand Total: 91 creatures vanquished

Notes
Turn   | Place    | Note
-------+----------+-------------------------------------------
     0 | D:1      | Hasart the Deep Elf Fire Elementalist began the quest for the Orb.
     0 | D:1      | Reached XP level 1. HP: 10/10 MP: 6/6
   111 | D:1      | Reached XP level 2. HP: 12/15 MP: 1/8
   535 | D:1      | Reached XP level 3. HP: 19/19 MP: 5/9
   825 | D:2      | Reached skill level 4 in Fire Magic
   837 | D:2      | Noticed Natasha
   843 | D:2      | Killed Natasha
   874 | D:2      | Noticed Natasha
   886 | D:1      | Reached XP level 4. HP: 21/24 MP: 6/11
   979 | D:2      | Killed Natasha
  1318 | D:2      | Reached XP level 5. HP: 28/28 MP: 10/13
  1440 | D:2      | Noticed Natasha
  1446 | D:2      | Killed Natasha
  1452 | D:2      | Learned a level 4 spell: Sticky Flame
  1458 | D:2      | Learned a level 5 spell: Fireball
  1566 | D:2      | Found a shimmering altar of Xom.
  1660 | D:3      | Reached skill level 5 in Fire Magic
  2030 | D:3      | Noticed Robin
  2105 | D:3      | Killed Robin
  2375 | D:3      | Noticed an ogre
  2410 | D:3      | Killed an ogre
  2410 | D:3      | Reached XP level 6. HP: 32/32 MP: 7/15
  2561 | D:3      | Noticed Grinder
  2566 | D:3      | Slain by Grinder

Vault maps used:
D:1:      dpeg_arrival_tiny_i
D:2:      nicolae_overflow_hidden_temple, first_bread, columned_hall_lemuel,
          minmay_misc_feat_rows, uniq_natasha
D:3:      kennysheep_six_static_rooms, vehumet_crystals, uniq_robin,
          uniq_crazy_yiuf_cottage, uniq_grinder, uniq_sigmund

Skill      XL: |  1  2  3  4  5 |
---------------+----------------+-----
Conjurations   | 2 3 4 |  4.4
Fire Magic     | 4 5 |  5.6
Spellcasting   | 4 |  4.7
Dodging        | |  2.4
Stealth        | |  2.4

Action                   |  1- 3 |  4- 6 || total
-------------------------+-------+-------++-------
Melee: Club              |     4 |       ||     4
 Cast: Flame Tongue      |    49 |    95 ||   144
       Sticky Flame      |       |     4 ||     4
       Fireball          |       |     1 ||     1
  Use: Scroll            |       |     1 ||     1
  Eat: Chunk             |       |     5 ||     5
Armor: Robe              |     4 |     4 ||     8
Dodge: Dodged            |    10 |    11 ||    21

Table legend:
 A = Spawn XP
 B = Non-spawn XP
 C = Spawn XP percentage of total XP
 D = Spawn monster count
 E = Non-spawn monster count
 F = Spawn count percentage of total count
 G = Total turns spent on level
                    A         B        C        D         E        F      G
               +---------+---------+-------+---------+---------+-------+---------
         Total |       0 |     481 |   0.0 |       0 |      90 |   0.0 |  2566
               +---------+---------+-------+---------+---------+-------+---------
           D:1 |       0 |      62 |   0.0 |       0 |      27 |   0.0 |   856
           D:2 |       0 |     176 |   0.0 |       0 |      25 |   0.0 |   763
           D:3 |       0 |     243 |   0.0 |       0 |      38 |   0.0 |   947
               +---------+---------+-------+---------+---------+-------+---------
